 Dungeon Crawl Stone Soup version 0.31-a0-983-g7b6862f502 (webtiles) character file.

Game seed: 13263922787007048489

46 thriggle the Trooper (level 3, 0/40 HPs)
             Began as an Ogre Monk on Nov 2, 2023.
             Succumbed to an adder's poison
             ... on level 2 of the Dungeon.
             The game lasted 00:03:29 (1109 turns).

thriggle the Trooper (Ogre Monk)                    Turns: 1109, Time: 00:03:29

Health: 0/40       AC:  3    Str: 17    XL:     3   Next: 66%
Magic:  3/3        EV: 10    Int: 11    God:
Gold:   98         SH:  0    Dex: 11    Spells: 2/2 levels left

rFire   . . .        a - +0 mace
rCold   . . .        d - orb {light}
rNeg    . . .        b - +0 robe
rPois   .            (helmet restricted)
rElec   .            (no cloak)
rCorr   .            (gloves unavailable)
SInv    .            (boots unavailable)
Will    .....        (no amulet)
Stlth   +            (no ring)
HPRegen 0.26/turn    (no ring)
MPRegen 0.08/turn

%: no passive effects
@: lethally poisoned (0 -> -8), glowing, studying Armour
A: large, unfitting armour, tough skin 1
a: no special abilities


You were on level 2 of the Dungeon.
You visited 1 branch of the dungeon, and saw 2 of its levels.

You collected 98 gold pieces.

Inventory:

Hand Weapons
 a - a +0 mace (weapon)
 e - a +0 rapier
 o - a +0 spear
Missiles
 h - 11 stones
Armour
 b - a +0 robe (worn)
 d - an orb of light (worn)
Scrolls
 g - 2 scrolls of teleportation
 k - a scroll of vulnerability
Potions
 c - a potion of ambrosia
 f - a potion of lignification {unknown}
 i - 2 potions of invisibility
 j - a potion of brilliance {unknown}
 l - a potion of haste {unknown}
 n - a potion of enlightenment {unknown}


   Skills:
 + Level 4.6 Fighting
 + Level 3.1 Maces & Flails
 + Level 1.0 Throwing
 + Level 3.1 Dodging


You had 2 spell levels left.
You didn't know any spells.
Your spell library was empty.

Dungeon Overview and Level Annotations

Branches:
Dungeon (2/15)

Altars:
Ashenzari

Shops:
D:2 (


Innate Abilities, Weirdness & Mutations

You are too large for most types of armour.
You have tough skin. (AC +1)


Message History

The adder bites you.
* * * LOW HITPOINT WARNING * * *
The adder bites you but does no damage. The adder barely misses you. x2
The adder barely misses you. The adder bites you.
* * * LOW HITPOINT WARNING * * *
You are poisoned.
The adder poisons you!
You feel sick.
The adder bites you but does no damage. x2
You feel sick. The adder bites you but does no damage.
You feel sick. The adder bites you.
* * * LOW HITPOINT WARNING * * *
You feel sick.
You are no longer poisoned.
The adder barely misses you. The adder closely misses you.
The adder bites you but does no damage. The adder misses you.
The adder bites you but does no damage. The adder misses you.
The adder bites you but does no damage. The adder bites you but does no damage.
The adder barely misses you. The adder bites you but does no damage.
The adder bites you.
* * * LOW HITPOINT WARNING * * *
The adder barely misses you. The adder closely misses you.
The adder completely misses you. x2
The adder bites you.
* * * LOW HITPOINT WARNING * * *
You are lethally poisoned!
The adder poisons you!
* * * LOW HITPOINT WARNING * * *
You feel sick. The adder bites you.
* * * LOW HITPOINT WARNING * * *
* * * LOW HITPOINT WARNING * * *
You feel sick. The adder bites you.
* * * LOW HITPOINT WARNING * * *
You are more poisoned.
The adder poisons you!
You die...

##..## #. #
##8..8###
#.......##
#....>.....#
#.##8..8##.### #..
##..###...# ..
#...####.###
####....#...###
#.....@S......#
#.................
#...._.........##.
#..............#
#..............#
#...##.........#
#... ##.$........
#.. #..........


You could see an adder.

Vanquished Creatures
  2 adders (D:2)
  4 bats
  2 endoplasms (D:1)
  2 giant cockroaches (D:1)
  2 goblins (D:1)
  4 hobgoblins (D:1)
  A quokka (D:1)
  3 ball pythons
  2 frilled lizards (D:1)
  4 kobolds (D:1)
  A rat (D:2)
27 creatures vanquished.

Notes
Turn   | Place    | Note
-------+----------+-------------------------------------------
     0 | D:1      | thriggle the Ogre Monk began the quest for the Orb.
     0 | D:1      | Reached XP level 1. HP: 24/24 MP: 1/1
   109 | D:1      | Reached XP level 2. HP: 32/32 MP: 2/2
   741 | D:2      | Reached XP level 3. HP: 38/40 MP: 3/3
   768 | D:2      | Found Keruzami's Weapon Shoppe.
  1004 | D:2      | Reached skill level 1 in Throwing
  1008 | D:2      | Identified a scroll of acquirement
  1009 | D:2      | Acquired a manual of Armour
  1066 | D:2      | Found a broken altar of Ashenzari.
  1108 | D:2      | HP: 2/40 [adder (1)]
  1109 | D:2      | Succumbed to an adder's poison

Illustrated notes

Levels and vault maps discovered:
D:1:      psy_arrival_fountain, layout_basic, minmay_hexomino_f4
D:2:      layout_basic, serial_shops, shop, basic_altar, st_stairs_6,
          skrybe_limestone_x

Skill      XL: |  1  2  3 |
---------------+----------+-----
Dodging        | 3 |  3.1
Maces & Flails | 3 |  3.1
Throwing       | 1 |  1.0
Fighting       | |  4.6

Action                     || total
---------------------------++-------
  Melee: Mace              ||    66
    Use: Scroll            ||     5
         Potion            ||     1
 Armour: Robe              ||    76
  Dodge: Dodged            ||    58

Table legend: (Time is in decaauts)
 A = Elapsed time spent in this place.
 B = Non-inter-level travel time spent in this place.
 C = Inter-level travel time spent in this place.
 D = Time resting spent in this place.
 E = Time spent auto-exploring this place.
 F = Levels seen in this place.
 G = Mean time per level.
                   A        B        C        D        E       F      G
               +--------+--------+--------+--------+--------+-----+--------+
         Total |   1125 |   1109 |     16 |      0 |    759 |   2 |  562.5 |
       Dungeon |   1125 |   1109 |     16 |      0 |    759 |   2 |  562.5 |
               +--------+--------+--------+--------+--------+-----+--------+

Top non-repeatable levels by time:
     D:1: 742 daAuts
     D:2: 383 daAuts
